[Event "Titled Tuesday Blitz August 22 Late 2023"]
[White "Bongo Akanga Ndjila, Barthelemy"]
[Black "Cooper, Aaron"]
[WhiteFideId "10609431"]
[BlackFideId "2634945"]
[WhiteElo "2035"]
[BlackElo "2256"]
[Result "0-1"]
[Round "6"]
[TimeControl "180+1"]
[Date "2023.08.22"]
[WhiteClock "0:00:00"]
[BlackClock "0:00:34"]
[Board "181"]

1. d4 Nf6 2. c4 g6 3. Nc3 Bg7 4. e4 d6 5. Be2 O-O 6. Nf3 Bg4 7. Be3 Nbd7 8. O-O c5 9. d5 a6 10. Qd2 b5 11. cxb5 axb5 12. Bxb5 Bxf3 13. gxf3 Ne5 14. Be2 Qa5 15. Bh6 Bxh6 16. Qxh6 Rfb8 17. Rfb1 c4 18. Qd2 Qc5 19. f4 Neg4 20. Bxg4 Nxg4 21. h3 Nf6 22. Kg2 Rb4 23. f3 Rab8 24. a4 Qb6 25. Nb5 Qc5 26. e5 dxe5 27. fxe5 Nxd5 28. f4 e6 29. Nd6 Qc6 30. Kh2 c3 31. Qc2 Rxb2 32. Rxb2 Rxb2 0-1


[Site "https://www.chess.com"]

[Event "Titled Tuesday Blitz August 22 Late 2023"]
[White "Sadhwani, Raunak"]
[Black "Nakamura, Hikaru"]
[WhiteFideId "35093487"]
[BlackFideId "2016192"]
[WhiteElo "3036"]
[BlackElo "3233"]
[Result "0-1"]
[Round "7"]
[TimeControl "180+1"]
[Date "2023.08.22"]
[WhiteClock "0:00:12"]
[BlackClock "0:00:36"]
[Board "1"]

1. e4 a6 2. d4 c6 3. Nf3 d5 4. Nc3 dxe4 5. Nxe4 Nf6 6. Nxf6+ gxf6 7. g3 Bf5 8. Bg2 e6 9. O-O Nd7 10. Re1 Bg6 11. c4 Nb6 12. b3 Be7 13. Bh6 Qd7 14. Be3 Nc8 15. Nh4 Nd6 16. Rc1 O-O 17. Bh3 f5 18. Nf3 Rfd8 19. Ne5 Qe8 20. Qe2 Ne4 21. Bg2 Nf6 22. Bf3 Nd7 23. h4 f6 24. Nxd7 Rxd7 25. h5 Bf7 26. Rcd1 Rad8 27. Qc2 Bb4 28. Bd2 Bxd2 29. Rxd2 Rxd4 30. Rxd4 Rxd4 31. Qc1 e5 32. h6 Qd7 33. Bg2 Bg6 34. Qe3 f4 35. Qf3 Kf7 36. b4 Rd3 37. Qe2 fxg3 38. b5 0-1


[Site "https://www.chess.com"]

[Event "Titled Tuesday Blitz August 22 Late 2023"]
[White "Sarana, Alexey"]
[Black "Matlakov, Maxim"]
[WhiteFideId "24133795"]
[BlackFideId "4168003"]
[WhiteElo "3085"]
[BlackElo "3023"]
[Result "1-0"]
[Round "7"]
[TimeControl "180+1"]
[Date "2023.08.22"]
[WhiteClock "0:00:38"]
[BlackClock "0:00:11"]
[Board "2"]

1. d4 Nf6 2. c4 e6 3. Nc3 d5 4. cxd5 exd5 5. Bf4 Bd6 6. Bxd6 Qxd6 7. e3 O-O 8. Bd3 c6 9. h3 Re8 10. Qc2 Nbd7 11. Nf3 Qe7 12. O-O Ne4 13. b4 Ndf6 14. b5 Nxc3 15. Qxc3 cxb5 16. Bxb5 Bd7 17. Bxd7 Qxd7 18. Ne5 Qe6 19. Rfc1 Rec8 20. Qb4 b6 21. Qa3 a5 22. Rxc8+ Rxc8 23. Rc1 h6 24. Rxc8+ Qxc8 25. Qe7 Qe8 26. Qc7 Ne4 27. Qxb6 f6 28. Qxa5 Qe6 29. Qa8+ Kh7 30. Qc6 Qf5 31. Nf3 h5 32. a4 g5 33. Qc7+ Kh6 34. a5 g4 35. hxg4 hxg4 36. Qf4+ Qxf4 37. exf4 Nc3 38. a6 Nb5 39. Nh4 1-0


[Site "https://www.chess.com"]

[Event "Titled Tuesday Blitz August 22 Late 2023"]
[White "Nguyen, Ngoc Truong Son"]
[Black "Nihal Sarin"]
[WhiteFideId "12401110"]
[BlackFideId "25092340"]
[WhiteElo "3015"]
[BlackElo "3158"]
[Result "1/2-1/2"]
[Round "7"]
[TimeControl "180+1"]
[Date "2023.08.22"]
[WhiteClock "0:00:33"]
[BlackClock "0:00:17"]
[Board "3"]

1. d4 d5 2. c4 e6 3. Nc3 h6 4. cxd5 exd5 5. Bf4 c6 6. e3 Bd6 7. Bg3 Nf6 8. Bd3 O-O 9. Nf3 Bg4 10. Qc2 Re8 11. Ne5 Be6 12. f4 c5 13. Bh4 Nc6 14. O-O cxd4 15. exd4 Nxd4 16. Qf2 Bc5 17. Kh1 Nb3 18. Qg3 Nxa1 19. f5 Bd6 20. fxe6 Rxe6 21. Nxf7 Bxg3 22. Nxd8 Re1 23. Bxf6 gxf6 24. Nxb7 Rxf1+ 25. Bxf1 Be5 26. Nxd5 Rb8 27. Ba6 Bxb2 28. g3 Re8 29. Bc4 Kf8 30. Kg2 Nc2 31. Kf3 Ne1+ 32. Kf2 Bd4+ 33. Kf1 Nc2 34. Nd6 Ne3+ 35. Nxe3 Rxe3 36. Kg2 Rc3 37. Bb3 Rd3 38. Nf5 h5 39. h4 Rd2+ 40. Kf3 Be5 41. g4 hxg4+ 42. Kxg4 Rg2+ 43. Kf3 Rh2 44. Kg4 Rf2 45. Be6 a5 46. h5 Rg2+ 47. Kf3 Rh2 48. h6 Bb2 49. Kg3 Rh1 50. Bd5 Rh5 51. Kg4 Rh2 52. Kg3 Be5+ 53. Kg4 a4 54. Nh4 f5+ 55. Kg5 Bf6+ 56. Kxf6 Rxh4 57. Kg6 f4 58. h7 a3 59. Bf3 Rh2 60. Bh5 Rxh5 61. Kxh5 Kg7 62. Kg4 Kxh7 63. Kxf4 Kg7 64. Ke4 Kf8 65. Kd4 Ke8 66. Kc4 Kd8 67. Kb4 Kc8 68. Kxa3 Kb8 69. Ka4 Ka8 70. Ka5 Kb8 71. Ka6 Ka8 72. a4 Kb8 73. a5 Ka8 74. Kb6 Kb8 75. a6 Ka8 76. a7 1/2-1/2


[Site "https://www.chess.com"]

[Event "Titled Tuesday Blitz August 22 Late 2023"]
[White "Naroditsky, Daniel"]
[Black "Chigaev, Maksim"]
[WhiteFideId "2026961"]
[BlackFideId "4108116"]
[WhiteElo "3163"]
[BlackElo "2960"]
[Result "1/2-1/2"]
[Round "7"]
[TimeControl "180+1"]
[Date "2023.08.22"]
[WhiteClock "0:00:02"]
[BlackClock "0:00:04"]
[Board "4"]

1. e4 e5 2. Nf3 Nc6 3. Nc3 Nf6 4. d4 exd4 5. Nd5 Be7 6. Bd3 d6 7. h3 O-O 8. O-O Re8 9. Nxe7+ Qxe7 10. Re1 Nd7 11. Bb5 Qf6 12. Bxc6 bxc6 13. Nxd4 Bb7 14. Nf5 c5 15. Ng3 Qg6 16. Qg4 Nf6 17. Qxg6 hxg6 18. f3 a5 19. a4 d5 20. e5 Nd7 21. f4 f6 22. b3 d4 23. Bd2 fxe5 24. fxe5 Nxe5 25. Bf4 Nc6 26. Bxc7 Nb4 27. Rxe8+ Rxe8 28. Bxa5 Nxc2 29. Rc1 d3 30. Rd1 Ba6 31. Nf1 Re2 32. Rd2 Na1 33. Rxe2 dxe2 34. Ng3 Nxb3 35. Bc3 c4 36. Nxe2 Nc5 37. a5 Na4 38. Bb4 Kf7 39. Kf2 Ke6 40. Ke3 Kd5 41. Nf4+ Kc6 42. Nxg6 c3 43. Ba3 Kb5 44. Kd4 Kxa5 45. Nf4 c2 46. Nd5 Bb7 47. Ne3 Kb5 48. g3 Nb6 49. Nxc2 Nc4 50. Bf8 Bc8 51. h4 g6 52. Ne1 Bg4 53. Nd3 Nd2 54. Ke3 Nc4+ 55. Kf4 Bd1 56. Nf2 Bc2 57. Ne4 Nb6 58. Nd6+ Kc6 59. Nf7 Nd7 60. Bg7 Kd5 61. Kg5 Ke6 62. Nh8 Ke7 63. Nxg6+ Kf7 64. Ne5+ Nxe5 65. Bxe5 Ke6 66. Bc3 Kf7 67. g4 Bd1 68. h5 Be2 69. Bd4 Bd1 70. Be5 Kg8 71. Kh4 Kh7 72. g5 Bc2 73. Bd4 Bd3 74. Bc3 Bc2 75. Kg4 Bd1+ 76. Kh4 Bc2 77. Kg3 Bd1 78. Kh4 Bc2 1/2-1/2


[Site "https://www.chess.com"]

[Event "Titled Tuesday Blitz August 22 Late 2023"]
[White "Zhigalko, Sergei"]
[Black "So, Wesley"]
[WhiteFideId "13502956"]
[BlackFideId "5202213"]
[WhiteElo "2959"]
[BlackElo "3091"]
[Result "0-1"]
[Round "7"]
[TimeControl "180+1"]
[Date "2023.08.22"]
[WhiteClock "0:00:00"]
[BlackClock "0:00:31"]
[Board "5"]

1. e4 e5 2. Nf3 Nc6 3. Bc4 Nf6 4. d3 Bc5 5. O-O d6 6. Nbd2 h6 7. c3 a6 8. Bb3 g5 9. Nc4 g4 10. Ne1 b5 11. Ne3 Ne7 12. d4 Bb6 13. a4 Bb7 14. Nxg4 Nxe4 15. f3 Ng5 16. f4 exf4 17. Bxf4 Ng6 18. Be3 Qe7 19. axb5 O-O-O 20. bxa6 Ba8 21. Bxg5 Qxg5 22. Bxf7 Nf4 23. h3 h5 24. Qd2 Nxh3+ 25. gxh3 Qxd2 0-1


[Site "https://www.chess.com"]

[Event "Titled Tuesday Blitz August 22 Late 2023"]
[White "Kovalev, Vladislav"]
[Black "Duda, Jan-Krzysztof"]
[WhiteFideId "13504398"]
[BlackFideId "1170546"]
[WhiteElo "2950"]
[BlackElo "3082"]
[Result "0-1"]
[Round "7"]
[TimeControl "180+1"]
[Date "2023.08.22"]
[WhiteClock "0:00:10"]
[BlackClock "0:00:30"]
[Board "6"]

1. e4 c6 2. Nf3 d5 3. d3 Qc7 4. Nc3 dxe4 5. Nxe4 Nf6 6. Qe2 Nbd7 7. g3 Nxe4 8. Qxe4 Nf6 9. Qe2 Bg4 10. Bg2 e6 11. O-O Bd6 12. b3 O-O-O 13. Rb1 h5 14. Bg5 h4 15. b4 hxg3 16. hxg3 Rh5 17. Bxf6 gxf6 18. Qe3 a6 19. Nd2 f5 20. f4 Rdh8 21. Nc4 Bh3 22. Rf2 Bxg2 23. Kxg2 Rh2+ 24. Kf3 R2h3 25. Kg2 Qd8 26. a4 Bc7 27. Rg1 b5 28. axb5 axb5 29. Ne5 Bb6 30. Qf3 Rh2+ 31. Kf1 Rxf2+ 0-1


[Site "https://www.chess.com"]

[Event "Titled Tuesday Blitz August 22 Late 2023"]
[White "Kramnik, Vladimir"]
[Black "Bluebaum, Matthias"]
[WhiteFideId "4101588"]
[BlackFideId "24651516"]
[WhiteElo "2934"]
[BlackElo "3031"]
[Result "1/2-1/2"]
[Round "7"]
[TimeControl "180+1"]
[Date "2023.08.22"]
[WhiteClock "0:00:07"]
[BlackClock "0:00:09"]
[Board "7"]

1. d4 d5 2. Nf3 e6 3. e3 Nf6 4. Bd3 Bd6 5. Nbd2 Nbd7 6. c4 b6 7. O-O Bb7 8. b3 O-O 9. Bb2 Qe7 10. Rc1 c5 11. cxd5 exd5 12. Bf5 Rfd8 13. dxc5 bxc5 14. Qc2 Nf8 15. Rfe1 Re8 16. g3 Rad8 17. Bh3 Ne6 18. Bg2 Ne4 19. Rcd1 h6 20. h4 Nxg3 21. fxg3 Bxg3 22. Nf1 Bxh4 23. Nxh4 Qxh4 24. Qf2 Qe7 25. Ng3 d4 26. exd4 Bxg2 27. Qxg2 cxd4 28. Bxd4 Qd7 29. Nh5 Ng5 30. Bxg7 Qxd1 31. Nf6+ Kxg7 32. Nxe8+ Kf8 33. Rxd1 Rxd1+ 34. Kh2 Rd2 35. Qxd2 Nf3+ 36. Kg3 Nxd2 37. Nd6 Ke7 38. Nc8+ Ke6 39. Nxa7 f5 40. Kf4 Ne4 41. Nb5 Nc5 42. Nd4+ Kd5 43. Nxf5 Nd3+ 44. Ke3 Nc1 45. Kd2 Nxa2 46. Nxh6 Nb4 47. Nf5 Nc6 48. Kc3 Na5 49. Ne3+ Kc6 50. b4 Nb7 51. Nf5 Nd8 52. Kc4 Kb6 53. Ne7 Nc6 54. Nxc6 Kxc6 55. b5+ Kb6 56. Kb4 Kb7 57. Kc5 Kc7 58. b6+ Kb7 59. Kb5 Kb8 60. Ka6 Ka8 61. b7+ Kb8 62. Kb6 1/2-1/2


[Site "https://www.chess.com"]

[Event "Titled Tuesday Blitz August 22 Late 2023"]
[White "Martinez Alcantara, Jose Eduardo"]
[Black "Dominguez Perez, Leinier"]
[WhiteFideId "3805662"]
[BlackFideId "3503240"]
[WhiteElo "3021"]
[BlackElo "2929"]
[Result "1-0"]
[Round "7"]
[TimeControl "180+1"]
[Date "2023.08.22"]
[WhiteClock "0:00:12"]
[BlackClock "0:00:01"]
[Board "8"]

1. e4 e5 2. Nf3 Nc6 3. Nc3 Nf6 4. h3 Bb4 5. a3 Bxc3 6. dxc3 d6 7. Bd3 h6 8. Be3 b6 9. Qe2 Ne7 10. O-O-O Bd7 11. Nd2 Ng6 12. g3 Qe7 13. f4 exf4 14. gxf4 O-O-O 15. Rde1 Kb8 16. Qf2 Bc6 17. Rhg1 Rhg8 18. Kb1 Rde8 19. Bd4 Nd7 20. Bc4 Bb7 21. a4 Nc5 22. a5 Qd7 23. Bxc5 dxc5 24. a6 Bc6 25. h4 Nf8 26. Nf3 Ng6 27. Rxg6 fxg6 28. Bxg8 Rxg8 29. Ne5 Qe6 30. Qe2 Re8 31. Rg1 Rf8 32. Rxg6 Rf6 33. Rxg7 Be8 34. Qg4 Qxg4 35. Nxg4 Rxf4 36. Rg8 Rxe4 37. Nf6 Re1+ 38. Ka2 1-0


[Site "https://www.chess.com"]

[Event "Titled Tuesday Blitz August 22 Late 2023"]
[White "Grischuk, Alexander"]
[Black "Kravtsiv, Martyn"]
[WhiteFideId "4126025"]
[BlackFideId "14113147"]
[WhiteElo "3010"]
[BlackElo "2894"]
[Result "1/2-1/2"]
[Round "7"]
[TimeControl "180+1"]
[Date "2023.08.22"]
[WhiteClock "0:00:04"]
[BlackClock "0:00:06"]
[Board "9"]

1. d4 Nf6 2. Nf3 e6 3. c4 d5 4. Nc3 Bb4 5. Bg5 Nbd7 6. e3 c5 7. cxd5 exd5 8. Bd3 Qa5 9. Qc2 c4 10. Bf5 O-O 11. O-O Re8 12. Nd2 g6 13. Bh3 Kg7 14. Rae1 Bxc3 15. bxc3 Ne4 16. Nxe4 dxe4 17. Bf4 Nb6 18. Bxc8 Raxc8 19. f3 Nd5 20. fxe4 Qxc3 21. Qf2 Nxf4 22. Qxf4 Rf8 23. e5 Qa5 24. Qf6+ Kg8 25. e6 fxe6 26. Qxe6+ Kh8 27. Qe7 Kg8 28. Qxb7 c3 29. Rxf8+ Rxf8 30. Qb3+ Kh8 31. Rc1 Rc8 32. h3 Rc7 33. Kh1 Kg7 34. e4 Qa6 35. Rxc3 Qf1+ 36. Kh2 Qf4+ 37. Kg1 Rxc3 38. Qxc3 Qxe4 39. Qc7+ Kf6 40. Qd6+ Kf7 41. d5 Qb1+ 42. Kh2 Qxa2 43. Qe6+ Kg7 44. Qe7+ Kg8 45. d6 Qc4 46. Qf6 Qd5 47. Qe7 Qd4 48. d7 Qf4+ 49. Kg1 Qd4+ 50. Kf1 Qc4+ 51. Kf2 Qd4+ 52. Ke2 Qc4+ 53. Ke3 Qc3+ 54. Kf4 Qd4+ 55. Kf3 Qd3+ 56. Kf2 Qd2+ 57. Kg3 Qc3+ 58. Kh2 Qc7+ 59. Kg1 Qc1+ 60. Kf2 Qd2+ 61. Kf3 Qd3+ 62. Kf4 Qd4+ 63. Kg3 Qc3+ 64. Kg4 Qd4+ 65. Kf3 Qd3+ 1/2-1/2


[Site "https://www.chess.com"]

[Event "Titled Tuesday Blitz August 22 Late 2023"]
[White "Xiong, Jeffery"]
[Black "Sjugirov, Sanan"]
[WhiteFideId "2047640"]
[BlackFideId "4189302"]
[WhiteElo "3005"]
[BlackElo "2886"]
[Result "1-0"]
[Round "7"]
[TimeControl "180+1"]
[Date "2023.08.22"]
[WhiteClock "0:00:27"]
[BlackClock "0:00:00"]
[Board "10"]

1. d4 Nf6 2. c4 e6 3. Nc3 d5 4. Nf3 c6 5. Bg5 Nbd7 6. e3 h6 7. Bh4 Be7 8. cxd5 exd5 9. Bd3 O-O 10. O-O Re8 11. a3 Ne4 12. Bxe7 Qxe7 13. Qc2 Ndf6 14. Ne5 Bf5 15. Rfe1 Nxc3 16. bxc3 Bxd3 17. Nxd3 Ne4 18. c4 dxc4 19. Qxc4 Rad8 20. Rac1 Rd5 21. a4 Rg5 22. Qc2 Qf6 23. Ne5 Rexe5 24. dxe5 Qf3 25. g3 Rxe5 26. Qe2 Ng5 27. h4 Qxe2 28. Rxe2 Ne4 29. Rb2 Re7 30. a5 a6 31. g4 g6 32. f3 Nd6 33. e4 Nb5 34. Rd2 Kg7 35. Kf2 g5 36. Kg3 Nc7 37. Rcd1 Re5 38. Rd7 Ne6 39. Rxb7 1-0


[Site "https://www.chess.com"]

[Event "Titled Tuesday Blitz August 22 Late 2023"]
[White "Pakleza, Zbigniew"]
[Black "Van Foreest, Jorden"]
[WhiteFideId "1119290"]
[BlackFideId "1039784"]
[WhiteElo "2853"]
[BlackElo "3001"]
[Result "1-0"]
[Round "7"]
[TimeControl "180+1"]
[Date "2023.08.22"]
[WhiteClock "0:00:07"]
[BlackClock "0:01:33"]
[Board "11"]

1. d4 g6 2. Nf3 Bg7 3. Bf4 d6 4. e3 Nc6 5. h3 e5 6. Bh2 Nge7 7. Be2 O-O 8. O-O f5 9. c4 f4 10. dxe5 fxe3 11. exd6 exf2+ 12. Kxf2 cxd6 13. Nd2 Qb6+ 14. Ke1 Nf5 15. c5 dxc5 16. Nc4 Kh8 17. Nxb6 axb6 18. Qc1 Be6 19. g4 Nfd4 20. Nxd4 Nxd4 21. Rxf8+ Rxf8 22. Bg1 Nc6 23. Be3 Re8 24. Kf2 Nb4 25. a3 Nd5 26. Bg5 Rf8+ 27. Kg2 b5 28. Bf3 c4 29. Qe1 Bg8 30. Rd1 Nb6 31. Be3 Na4 32. Bd4 Bf7 33. Bxg7+ Kxg7 34. Qe5+ Kg8 35. Qxb5 Re8 36. Qxa4 1-0


[Site "https://www.chess.com"]

[Event "Titled Tuesday Blitz August 22 Late 2023"]
[White "Svane, Rasmus"]
[Black "ProphetReborn"]
[WhiteFideId "4657101"]
[WhiteElo "2991"]
[BlackElo "2816"]
[Result "0-1"]
[Round "7"]
[TimeControl "180+1"]
[Date "2023.08.22"]
[WhiteClock "0:00:02"]
[BlackClock "0:01:29"]
[Board "12"]

1. Nf3 Nf6 2. g3 g6 3. Bg2 Bg7 4. O-O O-O 5. d4 d5 6. c4 c6 7. Qb3 dxc4 8. Qxc4 Be6 9. Qa4 Nbd7 10. Nc3 b5 11. Qc2 Rc8 12. e4 h6 13. Rd1 Qa5 14. h3 b4 15. Ne2 b3 16. Qd3 Rfd8 17. Bd2 Qb6 18. Nf4 bxa2 19. Nxe6 fxe6 20. Rxa2 Qb5 21. Qxb5 cxb5 22. Re1 Rc2 23. Bf1 e5 24. dxe5 Nxe5 25. Nxe5 Rdxd2 26. Nd3 Nd7 27. Rxa7 Ne5 28. Nxe5 Bxe5 29. Rxe7 Bd4 30. Ra1 Rxf2 31. Bd3 Rg2+ 32. Kh1 Rh2# 0-1


[Site "https://www.chess.com"]

[Event "Titled Tuesday Blitz August 22 Late 2023"]
[White "Ghazarian, Kirk"]
[Black "Andreikin, Dmitry"]
[WhiteFideId "30908604"]
[BlackFideId "4158814"]
[WhiteElo "2763"]
[BlackElo "2990"]
[Result "0-1"]
[Round "7"]
[TimeControl "180+1"]
[Date "2023.08.22"]
[WhiteClock "0:00:01"]
[BlackClock "0:00:03"]
[Board "13"]

1. e4 c5 2. b3 g6 3. Bb2 Nf6 4. g3 Bg7 5. Bg2 d6 6. Ne2 O-O 7. c4 Bg4 8. f3 Bd7 9. O-O b5 10. d3 a5 11. a4 bxa4 12. bxa4 Nc6 13. Na3 Nb4 14. Nb5 Bc6 15. Qd2 Nd7 16. Bxg7 Kxg7 17. f4 Nb6 18. h3 e5 19. Kh2 f6 20. h4 Qe7 21. f5 g5 22. hxg5 Bxb5 23. axb5 a4 24. g4 h6 25. g6 a3 26. Ng3 Rh8 27. Nh5+ Kg8 28. Rfb1 Ra4 29. Rb3 a2 30. Bf1 Nd7 31. Be2 Qd8 32. Bd1 Ra5 33. Rxb4 cxb4 34. Rxa2 Qa8 35. Rb2 Ra1 36. Bf3 Qa7 37. Bg2 Qg1+ 38. Kh3 Re1 39. Ra2 Re3+ 40. Ng3 Nb6 41. Ra6 h5 42. g5 fxg5 43. Qxe3 Qxe3 44. f6 h4 45. Kg4 Qf4+ 0-1


[Site "https://www.chess.com"]

[Event "Titled Tuesday Blitz August 22 Late 2023"]
[White "Jaracz, Pawel"]
[Black "Vasquez Schroeder, Rodrigo"]
[WhiteFideId "1102222"]
[BlackFideId "3400042"]
[WhiteElo "2734"]
[BlackElo "2974"]
[Result "0-1"]
[Round "7"]
[TimeControl "180+1"]
[Date "2023.08.22"]
[WhiteClock "0:00:00"]
[BlackClock "0:00:55"]
[Board "14"]

1. e4 c5 2. Nf3 d6 3. Bb5+ Nd7 4. a4 Nf6 5. d3 g6 6. O-O Bg7 7. Re1 O-O 8. Bxd7 Nxd7 9. c4 Nb8 10. d4 Bg4 11. d5 Na6 12. h3 Bxf3 13. Qxf3 Nb4 14. Qb3 e6 15. Bd2 exd5 16. cxd5 Rc8 17. Na3 Re8 18. Nc4 a5 19. Bxb4 cxb4 20. Qd3 Rxc4 21. Qxc4 Bxb2 22. Rad1 Qb6 23. Rd3 Be5 24. g3 Re7 25. Rc1 Bc3 26. Kg2 Kg7 27. f4 f6 28. Rb1 Rc7 29. Qb3 Qa6 30. Rbd1 b5 31. h4 Rc4 32. Kf3 Qb7 33. Re3 Qd7 34. g4 h5 35. Rg1 hxg4+ 36. Rxg4 f5 37. exf5 Qxf5 38. Qd1 Be5 39. Kg2 Bxf4 40. Re7+ Kf8 41. Re6 Rc2+ 42. Kh1 Be5 0-1


[Site "https://www.chess.com"]

[Event "Titled Tuesday Blitz August 22 Late 2023"]
[White "Keymer, Vincent"]
[Black "Saif, Malek"]
[WhiteFideId "12940690"]
[BlackFideId "8104220"]
[WhiteElo "2970"]
[BlackElo "2665"]
[Result "1-0"]
[Round "7"]
[TimeControl "180+1"]
[Date "2023.08.22"]
[WhiteClock "0:00:41"]
[BlackClock "0:00:04"]
[Board "15"]

1. a3 e5 2. c4 Nf6 3. d3 a5 4. Nf3 Nc6 5. Nc3 Bc5 6. e3 d6 7. Be2 O-O 8. h3 Re8 9. b3 h6 10. Bb2 Bf5 11. g4 Bg6 12. g5 hxg5 13. Nxg5 d5 14. cxd5 Nxd5 15. Nce4 Bb6 16. Bh5 Bxe4 17. Bxf7+ Kf8 18. dxe4 Qxg5 19. Bxd5 Rad8 20. Qf3+ Qf6 21. Qxf6+ gxf6 22. Ke2 Ke7 23. Rac1 Rd6 24. Bxc6 bxc6 25. a4 c5 26. Ba3 Rb8 27. Rc3 Ke6 28. Rb1 Rc6 29. Rbc1 Rh8 30. Bxc5 Rxh3 31. Bxb6 Rxb6 32. Rxc7 Rh8 33. R1c6+ Rxc6 34. Rxc6+ Kd7 35. Rxf6 Rb8 36. Ra6 Rxb3 37. Rxa5 Rb2+ 38. Kf3 Ke6 39. Ra6+ Ke7 40. Kg3 Ra2 41. f3 Ra3 42. Kg4 Rxe3 43. a5 Ra3 44. Kf5 Rxf3+ 45. Kxe5 Ra3 46. Ra7+ Kd8 47. Ke6 Rh3 48. e5 Rh6+ 49. Kd5 Kc8 50. a6 Kb8 51. Rg7 Rxa6 52. e6 Kc8 53. Rg8+ Kc7 54. e7 Ra5+ 55. Kc4 Re5 56. e8=Q Kb6 57. Qxe5 Kc6 58. Rg6+ Kd7 59. Qh5 Ke8 60. Qh7 Kf8 61. Rg8# 1-0


[Site "https://www.chess.com"]

[Event "Titled Tuesday Blitz August 22 Late 2023"]
[White "Ahmadzada, Ahmad"]
[Black "Zarubitski, Viachaslau"]
[WhiteFideId "13413007"]
[BlackFideId "13509373"]
[WhiteElo "2969"]
[BlackElo "2648"]
[Result "1-0"]
[Round "7"]
[TimeControl "180+1"]
[Date "2023.08.22"]
[WhiteClock "0:00:18"]
[BlackClock "0:00:02"]
[Board "16"]

1. Nf3 Nf6 2. g3 g6 3. Bg2 Bg7 4. O-O O-O 5. d3 d5 6. c3 c5 7. Bf4 Nc6 8. Ne5 Bd7 9. Nxc6 Bxc6 10. Be5 Re8 11. d4 Qb6 12. Qb3 Qxb3 13. axb3 cxd4 14. cxd4 Nd7 15. Bxg7 Kxg7 16. Nc3 e6 17. Ra5 b6 18. Ra3 a5 19. Rfa1 Rab8 20. e3 Rec8 21. Bf1 Nf6 22. f3 Ne8 23. Ba6 Rc7 24. Rc1 Nd6 25. Bd3 Bb5 26. Bb1 Bd7 27. Ra1 Rbc8 28. Bd3 Bb5 29. Bb1 Ba6 30. Rd1 Bb5 31. Kf2 Kf6 32. e4 dxe4 33. fxe4 Ke7 34. e5 Nf5 35. Nxb5 Rd7 36. Be4 Rcd8 37. Bxf5 gxf5 38. Nd6 h5 39. Rac1 h4 40. Rc8 hxg3+ 41. hxg3 Rxc8 42. Nxc8+ Kd8 43. Nd6 Rc7 44. Ke3 Ke7 45. Kd2 Ra7 46. Nc8+ 1-0


[Site "https://www.chess.com"]

[Event "Titled Tuesday Blitz August 22 Late 2023"]
[White "Omelja, Artem"]
[Black "Firouzja, Alireza"]
[WhiteFideId "14119846"]
[BlackFideId "12573981"]
[WhiteElo "2652"]
[BlackElo "3081"]
[Result "0-1"]
[Round "7"]
[TimeControl "180+1"]
[Date "2023.08.22"]
[WhiteClock "0:00:00"]
[BlackClock "0:00:35"]
[Board "17"]

1. d4 Nf6 2. c4 g6 3. Nc3 Bg7 4. e4 d6 5. Be2 O-O 6. Be3 e5 7. d5 Na6 8. g4 Nc5 9. f3 h5 10. g5 Nh7 11. h4 f6 12. Qd2 fxg5 13. hxg5 Rf4 14. Bxf4 exf4 15. Nh3 Bxh3 16. Rxh3 Nxg5 17. Rh2 a5 18. O-O-O a4 19. Rg1 a3 20. b3 Qf6 21. Kc2 Nf7 22. b4 Nd7 23. Rhg2 g5 24. Kb3 c5 25. b5 Nde5 26. b6 g4 27. fxg4 f3 28. g5 Qg6 29. Rh2 fxe2 30. Qxe2 Ng4 31. Rh3 Nxg5 32. Rhg3 Bxc3 33. Rxc3 Nxe4 34. Rf3 Ra6 35. Rf4 Rxb6+ 36. Kxa3 Ra6+ 37. Kb3 Nef6 38. Qe6+ Kh7 39. Qe7+ Qg7 40. Qe6 Qc7 0-1


[Site "https://www.chess.com"]

[Event "Titled Tuesday Blitz August 22 Late 2023"]
[White "Lamaze, Simon"]
[Black "Dubov, Daniil"]
[WhiteFideId "36069264"]
[BlackFideId "24126055"]
[WhiteElo "2712"]
[BlackElo "3037"]
[Result "1-0"]
[Round "7"]
[TimeControl "180+1"]
[Date "2023.08.22"]
[WhiteClock "0:00:19"]
[BlackClock "0:00:00"]
[Board "18"]

1. c4 b6 2. d4 Bb7 3. Nc3 e6 4. a3 Nf6 5. d5 g6 6. Nf3 Bg7 7. Bf4 O-O 8. e3 Na6 9. Be2 Nc5 10. O-O Nfe4 11. Nxe4 Nxe4 12. Qc2 exd5 13. cxd5 Bxd5 14. Bxc7 Rc8 15. Rac1 Qe7 16. Rfd1 Qe6 17. Nd4 Qe7 18. Nb5 Bc6 19. Qb3 Nc5 20. Qb4 Bxb5 21. Bd6 Bxe2 22. Bxe7 Rfe8 23. Bxc5 bxc5 24. Qd2 Bxd1 25. Rxd1 c4 26. Rc1 Red8 27. Qd5 Bxb2 28. Rxc4 Rxc4 29. Qxc4 Bxa3 30. Qc7 Be7 31. Qxa7 Rc8 32. g3 Rd8 33. Kg2 Bf8 34. Qb7 d5 35. Qb6 Rd6 36. Qa7 1-0


[Site "https://www.chess.com"]

[Event "Titled Tuesday Blitz August 22 Late 2023"]
[White "Pert, Richard G"]
[Black "Paravyan, David"]
[WhiteFideId "404748"]
[BlackFideId "4194985"]
[WhiteElo "2696"]
[BlackElo "2963"]
[Result "0-1"]
[Round "7"]
[TimeControl "180+1"]
[Date "2023.08.22"]
[WhiteClock "0:00:00"]
[BlackClock "0:00:15"]
[Board "19"]

1. d4 Nf6 2. Bg5 d5 3. e3 c5 4. Bxf6 gxf6 5. dxc5 Nc6 6. Bb5 e6 7. c4 dxc4 8. Nd2 Bxc5 9. Ngf3 O-O 10. O-O Be7 11. Bxc4 Kh8 12. Qe2 f5 13. Rfd1 Qa5 14. a3 Bf6 15. b4 Qb6 16. Rab1 Bd7 17. Nb3 Rad8 18. Nc5 Bc8 19. h4 a5 20. Na4 Qc7 21. b5 Ne5 22. Nxe5 Qxe5 23. g3 Be7 24. Nb6 Bxa3 25. Rxd8 Rxd8 26. Rd1 Qc7 27. Rxd8+ Qxd8 28. Qd3 Qxb6 29. Qxa3 Qd8 30. b6 Kg7 31. Bf1 Bd7 32. Qd6 Qc8 33. h5 h6 34. Qe5+ Kh7 35. Qf6 Be8 36. g4 Qc5 37. g5 hxg5 38. Qxg5 Qf8 39. Bg2 a4 40. Bxb7 a3 41. Bd5 Bc6 42. Bxc6 a2 43. Qf6 Qg7+ 44. Qxg7+ Kxg7 45. b7 a1=Q+ 0-1


[Site "https://www.chess.com"]

[Event "Titled Tuesday Blitz August 22 Late 2023"]
[White "Dourerassou, Jonathan"]
[Black "Drygalov, Sergey"]
[WhiteFideId "628050"]
[BlackFideId "24171743"]
[WhiteElo "2695"]
[BlackElo "2940"]
[Result "1-0"]
[Round "7"]
[TimeControl "180+1"]
[Date "2023.08.22"]
[WhiteClock "0:01:06"]
[BlackClock "0:00:09"]
[Board "20"]

1. e4 c5 2. Nf3 d6 3. Bb5+ Nd7 4. O-O Nf6 5. Re1 a6 6. Bf1 e6 7. c3 b5 8. a4 b4 9. cxb4 cxb4 10. d4 Bb7 11. Nbd2 Be7 12. b3 O-O 13. Bb2 Re8 14. h3 Rc8 15. Bd3 Bf8 16. Qe2 Ra8 17. Rac1 e5 18. Qe3 Nh5 19. dxe5 dxe5 20. Nc4 Bc5 21. Qg5 Qxg5 22. Nxg5 Nf4 23. Bf1 a5 24. Red1 Bd4 25. Bxd4 exd4 26. Nd6 Reb8 27. Rc7 Ne5 28. Rxb7 Rxb7 29. Nxb7 d3 30. g3 Ne2+ 31. Kg2 Nc3 32. Rd2 h6 33. f4 Nc6 34. Nf3 Nxe4 35. Rxd3 Re8 36. Nd6 Nxd6 37. Rxd6 Ne7 38. Bb5 Rc8 39. Bc4 Nf5 40. Rd3 Kf8 41. g4 Ne7 42. Ne5 f6 43. Nd7+ Ke8 44. Nb6 Rb8 45. Nd5 Nc6 46. Bb5 Kd7 47. Nxb4+ Kc7 48. Nxc6 Re8 49. Nxa5 Re2+ 50. Kf3 Rh2 51. Kg3 Rh1 52. Nc4 g5 53. Rd7+ Kb8 54. fxg5 fxg5 55. Bc6 Rg1+ 56. Kf2 Rc1 57. Rb7+ Ka8 58. Nb6# 1-0


[Site "https://www.chess.com"]

[Event "Titled Tuesday Blitz August 22 Late 2023"]
[White "Holt, Conrad"]
[Black "Olsen, Filip Boe"]
[WhiteFideId "2034387"]
[BlackFideId "1440640"]
[WhiteElo "2928"]
[BlackElo "2692"]
[Result "0-1"]
[Round "7"]
[TimeControl "180+1"]
[Date "2023.08.22"]
[WhiteClock "0:00:05"]
[BlackClock "0:01:34"]
[Board "21"]

1. d4 d5 2. c4 e6 3. Nc3 Nf6 4. cxd5 exd5 5. Bg5 Be7 6. e3 c6 7. Bd3 O-O 8. Qc2 h6 9. Bh4 Ne8 10. Bxe7 Qxe7 11. Nf3 Nd6 12. O-O Nd7 13. b4 Nb6 14. a4 Nbc4 15. Nd2 Nxd2 16. Qxd2 Bf5 17. Bxf5 Nxf5 18. b5 Nd6 19. Qd3 Rfe8 20. Rfc1 Qg5 21. Na2 Nc4 22. Nb4 Re6 23. e4 Rae8 24. f3 Ne3 25. g3 dxe4 26. fxe4 Rxe4 27. bxc6 bxc6 28. Nxc6 Ng4 29. Rf1 Qh5 30. h4 Re3 0-1


[Site "https://www.chess.com"]